 Dungeon Crawl Stone Soup version 0.28-a0-984-g3775c662fe (webtiles) character file.

Game seed: 9987334100971305139

512759 emperorscorpion the Sorcerer (level 26, -7/179 HPs)
             Began as a Djinni Conjurer on Dec 3, 2021.
             Was the Champion of Makhleb.
             Mangled by a death scarab (22 damage)
             ... summoned by a royal mummy
             ... on level 2 of the Tomb of the Ancients.
             The game lasted 04:25:57 (48028 turns).

emperorscorpion the Sorcerer (Djinni Conjurer)     Turns: 48028, Time: 04:25:59

Health: -7/179     AC: 17    Str: 11    XL:     26   Next: 39%
Gold:   3024       EV: 19    Int: 35    God:    Makhleb [******] SH: 19 Dex: 13

rFire   + + +      SeeInvis +   b - staff of air
rCold   . . .      Faith    .   Y - +5 kite shield {rN+}
rNeg    + + +      Spirit   .   y - +2 robe {Archmagi}
rPois   ∞          Reflect  .   l - +4 helmet "Iluixu" {+Inv Str+3 Int+5 Dex-3}
rElec   +          Harm     +   p - +2 cloak {rCorr}
rCorr   +          Rampage  +   v - +1 pair of gloves "Okoemov" {Harm Rampage rC+ Int+4}
Will    +++..      Archmagi +   (boots unavailable)
Stlth   +......... Clarity  +   Z - amulet of regeneration
HPRegen 1.99/turn               O - ring "Peuch" {rPois rF+ rN+ Will+}
MPRegen 0.00/turn               h - ring of positive energy

@: calling dragons, flying, contaminated, slowed, glowing, studying 2 skills,
very slow
A: sickness immunity, fire resistance 2, cold vulnerability 1, float, innate
caster, hp casting, extra vitality 1, see invisible, agile 1, clarity,
regeneration 1, weak 1, sturdy frame 1
}: 3/15 runes: serpentine, barnacled, silver
a: Renounce Religion, Evoke Invisibility, Minor Destruction, Lesser Servant of
Makhleb, Major Destruction, Greater Servant of Makhleb


You were on level 2 of the Tomb of the Ancients.
You worshipped Makhleb.
Makhleb was exalted by your worship.
You visited 10 branches of the dungeon, and saw 45 of its levels.
You also visited: Trove, Gauntlet and Ice Cave.

You collected 7559 gold pieces.
You spent 4535 gold pieces at shops.

Inventory:

Missiles
 W - 4 throwing nets
 X - 2 boomerangs of dispersal (quivered)
Armour
 a - a +2 kite shield of cold resistance
 l - the +4 helmet "Iluixu" (worn) {+Inv Str+3 Int+5 Dex-3}
   (You found it in a treasure trove)

   Str:       It affects your strength (+3).
   Int:       It affects your intelligence (+5).
   Dex:       It affects your dexterity (-3).
   +Inv:      It lets you turn invisible.
 p - a +2 cloak of preservation (worn)
 r - a +2 kite shield of reflection
 v - the +1 pair of gloves "Okoemov" (worn) {Harm Rampage rC+ Int+4}
   (You acquired it on level 1 of the Vaults)

   Int:       It affects your intelligence (+4).
   rC:        It protects you from cold.
   Harm:      It increases damage dealt and taken.
   Rampage:   It bestows one free step when moving towards enemies.
 y - a +2 robe of the Archmagi (worn)
 D - a +7 chain mail of cold resistance
 E - a scarf of resistance
 Y - a +5 kite shield of positive energy (worn)
Magical Staves
 b - a staff of air (weapon)
 A - a staff of cold
 S - a staff of conjuration
Jewellery
 c - a +6 ring of intelligence
 h - a ring of positive energy (right hand)
 t - the ring of Coronation {rElec rPois rC+ MP-9 Dex-5}
   (You took it off a deep elf blademaster on level 3 of the Elven Halls)

   [ring of protection from cold]

   Dex:       It affects your dexterity (-5).
   rC:        It protects you from cold.
   rElec:     It insulates you from electricity.
   rPois:     It protects you from poison.
   MP:        It affects your magic capacity (-9).
 O - the ring "Peuch" (left hand) {rPois rF+ rN+ Will+}
   (You found it on level 3 of the Crypt)

   [ring of willpower]

   rF:        It protects you from fire.
   rPois:     It protects you from poison.
   rN:        It protects you from negative energy.
   Will:      It increases your willpower.
 Z - an amulet of regeneration (around neck)
Wands
 o - a wand of charming (3)
 P - a wand of digging (20)
 R - a wand of acid (5)
Scrolls
 e - 4 scrolls of holy word
 j - 17 scrolls of teleportation
 k - 11 scrolls of immolation
 m - 2 scrolls of summoning
 u - a scroll of fog
 z - a scroll of silence
 C - 8 scrolls of magic mapping
 F - 21 scrolls of identify
 J - a scroll of blinking
 T - a scroll of enchant weapon
 U - 5 scrolls of fear
Potions
 f - 19 potions of curing
 g - 5 potions of haste
 i - 6 potions of invisibility
 n - 10 potions of mutation
 q - 9 potions of heal wounds
 s - 5 potions of berserk rage
 w - 5 potions of cancellation
 x - 3 potions of resistance
 H - a potion of ambrosia
 I - 10 potions of brilliance
 Q - 2 potions of might
Miscellaneous
 d - a tin of tremorstones (2/2)
 G - a box of beasts
 K - a phantom mirror
 M - a condenser vane
 N - a phial of floods
 V - a phantom mirror


   Skills:
 * Level 13.4 Fighting
 + Level 0.7(1.5) Polearms
 + Level 2.3(2.4) Staves
 + Level 4.0 Throwing
 * Level 13.2 Armour
 * Level 16.3 Dodging
 - Level 5.0 Stealth
 * Level 16.5 Shields
 + Level 25.6 Spellcasting
 * Level 12.6 Evocations


You had one spell level left.
You knew the following spells:

 Your Spells              Type           Power      Damage    Failure   Level
a - Lightning Bolt        Conj/Air       86%        1d114     0%          5
b - Searing Ray           Conj           100%       2d8       0%          2
c - Dazzling Flash        Conj/Hex       100%       N/A       0%          3
d - Fulminant Prism       Conj/Hex       73%        3d30      0%          4
e - Iskenderun's Mystic   Conj/Tloc      100%       2d19      0%          4
f - Animate Skeleton      Necr           100%       N/A       0%          1
g - Poisonous Vapours     Pois/Air       100%       N/A       0%          2
h - Passwall              Tmut/Erth      100%       N/A       0%          2
i - Ice Form              Ice/Tmut       100%       N/A       0%          4
j - Dispel Undead         Necr           100%       3d31      0%          4
k - Magic Dart            Conj           100%       1d8       0%          1
l - Death Channel         Necr           73%        N/A       0%          6
m - Monstrous Menagerie   Summ           73%        N/A       0%          7
n - Starburst             Conj/Fire      73%        6d19      0%          6
o - Maxwell's Capacitive  Air            86%        ∞         1%          8
p - Spellforged Servitor  Conj/Summ      73%        N/A       0%          7
q - Dragon's Call         Summ           73%        N/A       1%          9
Your spell library was empty.

Dungeon Overview and Level Annotations

Branches:
Dungeon (15/15)            Temple (1/1) D:6            Lair (6/6) D:10
 Shoals (4/4) Lair:4        Snake (4/4) Lair:3        Slime (0/5) Lair:6
    Orc (2/2) D:11            Elf (3/3) Orc:2        Vaults (5/5) D:14
  Crypt (3/3) Vaults:2       Tomb (2/3) Crypt:3      Depths (0/4) D:15
  IceCv (visited)         Gauntlet (visited)

Altars:
Ashenzari
Cheibriados
Dithmenos
Elyvilon
Fedhas
Gozag
Hepliaklqana
Kikubaaqudgha
Makhleb
Nemelex Xobeh
Okawaru
Qazlal
Ru
Sif Muna
Trog
Uskayaw
Vehumet
Wu Jian
Xom
Yredelemnul
Zin
The Shining One
Beogh

Shops:
D:5 [   D:9 !   D:11 [   Orc:1 *   Orc:2 *(=[   Elf:3 [   Snake:2 [=
Snake:3 =   Vaults:1 ?   Vaults:3 ?


Innate Abilities, Weirdness & Mutations

You are immune to sickness and miasma.
You are immune to poison.
Your flesh is very heat resistant. (rF++)
You are vulnerable to cold. (rC-)
You float through the air rather than walking.
You learn spells naturally, not from books.
Your magical power is your life essence.
You have superior vitality. (+4 HP)
You have supernaturally acute eyesight. (SInv)
You are agile. (Dex +2)
You possess an exceptional clarity of mind.
Your natural rate of healing is unusually fast.
You are weak. (Str -2)
Your movements are slightly less encumbered by armour. (ER -2)


Message History

Something bites your quicksilver dragon!!
Your quicksilver dragon dies!
Your quicksilver dragon's corpse disappears in a puff of smoke!
Your spellforged servitor casts a spell at the death scarab.
The bolt of lightning hits the death scarab!!!
The death scarab is destroyed!
The death scarab's corpse disappears in a puff of smoke!
The death scarab bites your storm dragon!!
Your storm dragon dies!
Your storm dragon's corpse disappears in a puff of smoke!
The royal mummy barely misses your spellforged servitor.
The royal mummy casts a spell.
Send 'em back where they came from!
Your ice dragon disappears in a puff of smoke!
Your golden dragon disappears in a puff of smoke!
Your storm dragon disappears in a puff of smoke!
Your spellforged servitor disappears in a puff of smoke!
You block the emperor scorpion's attack.
The emperor scorpion claws you!
* * * LOW HITPOINT WARNING * * *
You block the emperor scorpion's attack.
You block the death scarab's attack.
The royal mummy casts a spell.
The royal mummy points at you and mumbles some strange words.
Something smites you!
* * * LOW HITPOINT WARNING * * *
The royal mummy is lost in a daze.
You hear a hideous shriek!
Okay, then.
Press: ? - help, . - travel You can't see that place. [an escape hatch in the ceiling.] Blink to where?
Press: ? - help, Dir - move target
Found a spear and a scroll of enchant weapon.
As you read the scroll of blinking, it crumbles to dust.
You block the death scarab's attack.
The death scarab waves its antennae.
The death scarab bites you!!
You die...

.^ ...
#####'#########
.....^.......
......§§§§§
#......9§§#
#<.B..§§§§# .
#.@BBss^††####..
).....BB.zB.s§.M.....
.........B.B..M..M...
?..^$./..§M§.†.......
........#M.M#.)......
.........§.B.††......
.............!)......
.....................
.?.^.^....z.......


You could see 3 royal mummies, 3 emperor scorpions, a mummy priest, an ushabti,
9 death scarabs and a flying skull.

Vanquished Creatures
  An ancient lich (Vaults:5)
  Mennas (Crypt:3)
  Sojobo (Crypt:1)
  Boris (Vaults:3)
  Saint Roka (Crypt:1)
  Vashnia (Snake:3)
  A bone dragon (Crypt:3)
  The ghost of Ixzaw the Warrior, an adept MiBe of Trog (Shoals:3)
  A titan (Vaults:5)
  2 tentacled monstrosities (Vaults:5)
  2 liches
  Mlioglotl (Snake:1)
  Asterion (Snake:4)
  A deep elf blademaster (Elf:3)
  2 deep elf master archers (Elf:3)
  Polyphemus (Shoals:3)
  3 ancient champions
  Kirke (Shoals:1)
  4 tengu reavers
  4 sphinxes
  A storm dragon (Vaults:5)
  Roxanne (Snake:2)
  12 nagarajas
  3 shadow dragons (Vaults:5)
  Donald (Shoals:3)
  3 revenants
  9 deep elf sorcerers
  A frost giant (Vaults:3)
  Aizul (Snake:4)
  15 vault wardens
  An orc warlord (Vaults:4)
  2 deep elf elementalists (Elf:3)
  2 ghouls (Crypt:2)
  3 very ugly things (Vaults:4)
  23 ironbound preservers
  3 vampire knights
  4 stone giants (Vaults:5)
  5 war gargoyles
  A quicksilver ooze (Gauntlet)
  2 reapers (Crypt:2)
  8 deep elf demonologists
  A juggernaut skeleton (Crypt:2)
  2 entropy weavers
  A minotaur (Gauntlet)
  19 dire elephants
  10 deep elf death magi
  7 ettins
  5 deep elf annihilators
  5 eidola
  3 mummy priests
  3 crystal guardians
  The ghost of Maiqeb the Summoner, a journeyman TeSu of Sif Muna (D:13)
  4 merfolk javelineers (Shoals:4)
  The ghost of inmateoo the Grappler, a journeyman TrMo of Cheibriados (D:11)
  Josephine (D:10)
  A quicksilver dragon zombie (Crypt:1)
  14 jiangshi
  3 deep elf high priests
  5 great orbs of eyes
  18 yaktaur captains
  8 merfolk impalers
  34 vault guards
  7 ironbound thunderhulks
  20 naga warriors
  A quicksilver dragon skeleton (Vaults:5)
  3 boulder beetles
  Fannar (D:10)
  Harold (D:7)
  3 salamander tyrants
  A fenstrider witch zombie (Crypt:1)
  Erolcha (D:12)
  5 peacekeepers
  5 ogre magi
  9 ironbound frosthearts
  4 merfolk avatars
  An anaconda (shapeshifter) (Vaults:5)
  3 catoblepae
  23 two-headed ogres
  3 centaur warriors
  5 hydras
  7 anacondas
  3 alligator snapping turtles
  6 dancing weapons
  2 satyrs (Shoals:4)
  10 death yaks
  4 merfolk aquamancers (Shoals:4)
  3 death knights
  3 vampire magi
  3 orc high priests
  A tengu warrior (D:15)
  5 shock serpents
  A titan zombie (Crypt:2)
  7 death scarabs (Tomb:2)
  15 naga sharpshooters
  18 deep elf knights
  2 deep troll earth magi (Vaults:5)
  A spectral dire elephant (Lair:6)
  2 titan skeletons
  2 hell knights
  15 skeletal warriors
  A fire crab (Gauntlet)
  A spectral death yak (Lair:6)
  A shadow wraith (Crypt:2)
  The ghost of askman the Knight, a novice DsFi of Okawaru (D:9)
  A storm dragon zombie (Crypt:2)
  4 salamander mystics
  A storm dragon skeleton (Vaults:5)
  2 bog bodies (IceCv)
  4 flayed ghosts
  A spectral anaconda (Lair:6)
  2 obsidian statues
  32 deep trolls
  10 lindwurms
  16 sea snakes
  9 deep elf archers
  Pikel (Temple)
  An anaconda skeleton (Crypt:1)
  8 wizards
  2 phantasmal warriors (Crypt:2)
  19 ironbound convokers
  A golden dragon skeleton (Crypt:2)
  7 naga ritualists
  A lindwurm (shapeshifter) (Vaults:5)
  4 orc knights
  29 deep elf zephyrmancers
  12 necromancers
  A shadow dragon zombie (Crypt:1)
  29 deep elf pyromancers
  A bunyip skeleton (Crypt:2)
  9 mana vipers
  27 harpies
  A stone giant zombie (Crypt:2)
  A wolf spider (D:13)
  6 orc sorcerers
  An oklob plant (Orc:1)
  13 manticores
  36 ugly things
  3 human zombies
  14 salamanders
  8 cyclopes
  39 slime creatures
  9 merfolk sirens
  Maurice (D:13)
  28 elephants
  8 fauns
  10 guardian serpents (Snake:4)
  2 moths of wrath (D:13)
  6 water nymphs
  22 vault sentinels
  45 black mambas
  2 molten gargoyles (D:15)
  A dire elephant zombie (Lair:6)
  An ice statue (IceCv)
  16 naga magi
  A torpor snail (Lair:6)
  2 spriggan zombies (Crypt:2)
  A dire elephant skeleton (Crypt:1)
  Maggie (D:7)
  10 cane toads
  A yaktaur zombie (Vaults:1)
  3 kobold demonologists
  31 yaktaurs
  Psyche (D:10)
  An alligator snapping turtle skeleton (Crypt:2)
  2 anaconda simulacra (IceCv)
  10 komodo dragons
  3 ice devils
  11 guardian mummies
  The ghost of NigelTetley the Ruffian, an amateur TrFi (D:6)
  4 rime drakes
  A death yak skeleton (Crypt:1)
  28 merfolk
  6 polar bears
  2 elf skeletons
  A green draconian skeleton (Crypt:2)
  11 freezing wraiths
  A red draconian skeleton (Crypt:2)
  2 large abominations (Crypt:3)
  A jumping spider zombie (Crypt:2)
  6 meliai (D:15)
  5 trolls
  3 jumping spiders (shapeshifter)
  A queen bee (shapeshifter) (Vaults:5)
  4 wind drakes
  An ettin zombie (Vaults:5)
  20 blink frogs
  16 dream sheep
  8 snapping turtles
  A centaur simulacrum (D:10)
  A meliai zombie (D:8)
  5 shadows
  A vampire (D:9)
  38 flying skulls
  Sigmund (D:6)
  A wyvern (Lair:1)
  3 redbacks
  11 wraiths
  A spriggan (shapeshifter) (D:13)
  10 water elementals
  A fire elemental (D:15)
  2 hogs (Shoals:1)
  3 ushabtiu (Tomb:1)
  57 yaks
  2 death yak simulacra
  2 fire bats (Gauntlet)
  Eustachio (D:5)
  A fire bat (shapeshifter) (Vaults:5)
  4 basilisks
  Grum (D:11)
  Menkaure (D:7)
  5 vampire mosquitoes
  2 wargs (Orc:1)
  3 harpy simulacra (IceCv)
  4 acid dragons
  37 nagas
  27 water moccasins
  A hornet zombie (D:8)
  A water nymph skeleton (Crypt:1)
  4 ice beasts
  34 orc warriors
  2 ettin simulacra
  17 ogres
  5 black bears
  A boggart (Vaults:3)
  4 centaurs
  6 necrophages
  A manticore skeleton (Crypt:2)
  2 phantoms (D:6)
  A lemure (D:6)
  17 wolves
  An elephant skeleton (Lair:6)
  5 kobold brigands
  Blork the orc (D:5)
  2 scorpions
  2 earth elementals
  12 bullfrogs
  A gnoll sergeant (D:11)
  7 two-headed ogre simulacra
  3 cane toad simulacra
  2 small abominations (Crypt:3)
  11 killer bees
  2 elephant simulacra
  A yak zombie (Crypt:2)
  4 wights (D:4)
  2 howler monkeys (D:10)
  5 electric eels
  A bullfrog zombie (D:6)
  6 centaur zombies
  A lava snake (D:15)
  3 centaur skeletons
  A gnoll shaman (D:8)
  5 jellies
  24 orc priests
  A bullfrog skeleton (D:5)
  41 orc wizards
  4 iguanas
  11 hell rats (Lair:2)
  2 polar bear simulacra (IceCv)
  7 spriggan simulacra
  10 troll simulacra
  2 wolf simulacra
  A killer bee zombie (D:6)
  A naga zombie (Crypt:1)
  A deep dwarf skeleton (Crypt:2)
  2 naga skeletons (Crypt:2)
  A hound skeleton (D:4)
  17 mummies
  A howler monkey zombie (D:4)
  15 gnolls
  11 river rats (Lair:2)
  5 adders
  7 naga simulacra (IceCv)
  10 white imps
  4 ufetubi
  2 adder skeletons (D:4)
  2 dart slugs
  56 orcs
  3 ball pythons
  11 bats
  4 endoplasms
  3 giant cockroaches
  9 hobgoblins
  2 jackals (D:4)
  9 quokkas
  9 frilled lizards
  5 goblins
  22 kobolds
  A quokka skeleton (Crypt:2)
  17 rats
  A butterfly (Lair:6)
  11 fulminant prisms
  4 plants (Shoals:4)
1944 creatures vanquished.

Vanquished Creatures (collateral kills)
  A dread lich (Crypt:1)
  Khufu (Crypt:3)
  A royal mummy (Tomb:1)
  The ghost of Xasaq the Eclecticist, a veteran DrCj of Vehumet (Crypt:1)
  A profane servitor (Crypt:3)
  A lich (Tomb:1)
  3 sphinxes (Tomb:1)
  2 shadow dragons (Vaults:5)
  2 revenants
  A vault warden (Vaults:5)
  A curse skull (Crypt:2)
  A frost giant (Vaults:5)
  2 ghouls
  2 ironbound preservers
  A vampire knight (Crypt:3)
  7 mummy priests
  A jiangshi (Crypt:3)
  A yaktaur captain (Vaults:5)
  2 vault guards
  An ogre mage (Vaults:5)
  A dancing weapon (Elf:3)
  3 death knights (Crypt:3)
  A two-headed ogre (Vaults:5)
  A deep troll earth mage (Vaults:5)
  2 death scarabs (Tomb:2)
  A hell knight (Crypt:3)
  9 skeletal warriors
  2 shadow wraiths
  A deep troll (Vaults:3)
  An ironbound convoker (Vaults:5)
  An obsidian statue (Crypt:1)
  2 phantasmal warriors (Vaults:5)
  A necromancer (Crypt:3)
  2 stone giant zombies
  A shadow dragon skeleton (Crypt:1)
  A cyclops (Shoals:2)
  4 fauns (Shoals:2)
  A spectral centaur (Crypt:3)
  A water nymph (Shoals:2)
  A freezing wraith (Crypt:1)
  10 guardian mummies
  A wind drake (Shoals:2)
  A harpy zombie (Tomb:2)
  A slime creature (Vaults:3)
  A stone giant simulacrum (Crypt:2)
  A dream sheep (Shoals:2)
  13 flying skulls
  A wraith (Crypt:3)
  3 ushabtiu (Tomb:2)
  A necrophage (Crypt:3)
  10 mummies (Tomb:1)
113 creatures vanquished.

Vanquished Creatures (others)
  A lich (Vaults:5)
  A human (Shoals:1)
  A bush (Lair:2)
  238 fulminant prisms
  83 fungi
  150 plants
  33 withered plants (Lair:6)
507 creatures vanquished.

Grand Total: 2564 creatures vanquished

Notes
Turn   | Place    | Note
-------+----------+-------------------------------------------
     0 | D:1      | emperorscorpion the Djinni Conjurer began the quest for the
                  | Orb.
     0 | D:1      | Reached XP level 1. HP: 15/15 MP: 0/0
   338 | D:1      | Reached XP level 2. HP: 16/21 MP: 0/0
   811 | D:1      | Reached XP level 3. HP: 23/25 MP: 0/0
   811 | D:1      | Learned a level 1 spell: Animate Skeleton
  1190 | D:1      | Identified a scroll of acquirement
  1191 | D:1      | Acquired a +2 cloak of preservation
  1310 | D:2      | Reached skill level 4 in Spellcasting
  1604 | D:2      | You are sucked into a shaft and drop 1 floor!
  1636 | D:3      | Reached XP level 4. HP: 29/31 MP: 0/0
  1735 | D:3      | Found a faded altar of an unknown god.
  3310 | D:4      | Noticed a necrophage
  3320 | D:4      | Reached XP level 5. HP: 35/35 MP: 0/0
  3320 | D:4      | Learned a level 2 spell: Poisonous Vapours
  3486 | D:4      | Reached skill level 5 in Spellcasting
  3523 | D:4      | Gained mutation: Your spells are a little easier to cast,
                  | but a little less powerful. [potion of mutation]
  3523 | D:4      | Gained mutation: You are frail. (-10% HP) [potion of
                  | mutation]
  3526 | D:4      | Reached XP level 6. HP: 34/36 MP: 0/0
  4332 | D:4      | Reached XP level 7. HP: 37/41 MP: 0/0
  4332 | D:4      | Learned a level 2 spell: Passwall
  4703 | D:4      | Lost mutation: You are frail. (-10% HP) [potion of
                  | mutation]
  4703 | D:4      | Lost mutation: Your spells are a little easier to cast, but
                  | a little less powerful. [potion of mutation]
  4703 | D:4      | Gained mutation: You are agile. (Dex +2) [potion of
                  | mutation]
  4703 | D:4      | Gained mutation: You are partially covered in iridescent
                  | scales. (AC +2) [potion of mutation]
  4703 | D:4      | Gained mutation: You are partially covered in large bone
                  | plates. (SH +4) [potion of mutation]
  4828 | D:5      | Entered Level 5 of the Dungeon
  4852 | D:5      | Found Bud Doumie's Antique Armour Boutique.
  4863 | D:5      | Noticed Blork the orc
  4870 | D:5      | Killed Blork the orc
  4871 | D:5      | Reached skill level 6 in Spellcasting
  5394 | D:5      | Noticed Eustachio
  5402 | D:5      | Killed Eustachio
  5403 | D:5      | Reached XP level 8. HP: 38/51 MP: 0/0
  5702 | D:6      | Found a blossoming altar of Fedhas.
  5702 | D:6      | Found a sacrificial altar of Ru.
  5702 | D:6      | Found a glowing golden altar of the Shining One.
  5702 | D:6      | Found a bloodstained altar of Trog.
  5736 | D:6      | Found a staircase to the Ecumenical Temple.
  5741 | D:6      | Noticed Sigmund
  5743 | D:6      | Noticed Pikel
  5747 | D:6      | Killed Sigmund
  5748 | D:6      | Reached skill level 7 in Spellcasting
  5750 | Temple   | Entered the Ecumenical Temple
  5754 | Temple   | Killed Pikel
  5755 | Temple   | Reached skill level 1 in Fighting
  5755 | Temple   | Reached skill level 1 in Throwing
  5755 | Temple   | Reached XP level 9. HP: 2/57 MP: 0/0
  5755 | Temple   | Learned a level 4 spell: Ice Form
  6072 | Temple   | Became a worshipper of Makhleb the Destroyer
  6323 | D:6      | Identified the +1 whip "Volikien" {speed, rElec rCorr}
  6430 | D:6      | Reached skill level 8 in Spellcasting
  6596 | D:6      | Found a runed translucent gate.
  6596 | D:6      | Found a runed translucent gate.
  6596 | D:6      | Found a runed translucent gate.
  6632 | D:6      | Noticed NigelTetley's ghost (amateur TrFi)
  6842 | D:6      | Found an iron altar of Okawaru.
  6945 | D:6      | Killed NigelTetley's ghost
  6949 | D:6      | Reached * piety under Makhleb
  7193 | D:7      | Noticed Maggie
  7204 | D:7      | Killed Maggie
  7205 | D:7      | Reached skill level 9 in Spellcasting
  7205 | D:7      | Reached skill level 1 in Evocations
  7236 | D:7      | Noticed a boulder beetle
  7246 | D:7      | Killed a boulder beetle
  7247 | D:7      | Reached skill level 5 in Stealth
  7247 | D:7      | Reached skill level 1 in Shields
  7247 | D:7      | Reached XP level 10. HP: 45/62 MP: 0/0
  7488 | D:6      | Noticed a two-headed ogre
  7497 | D:6      | Killed a two-headed ogre
  7498 | D:6      | Reached skill level 5 in Dodging
  7498 | D:6      | Reached skill level 10 in Spellcasting
  8016 | D:5      | Bought a scorched hat for 189 gold pieces
  8016 | D:5      | Identified the +1 hat "Rirr" {rElec} (You bought it in a
                  | shop on level 5 of the Dungeon)
  8016 | D:5      | Bought a pair of runed gloves for 157 gold pieces
  8135 | D:7      | Reached XP level 11. HP: 54/67 MP: 0/0
  8135 | D:7      | Learned a level 4 spell: Dispel Undead
  8476 | D:7      | Noticed Harold
  8717 | D:7      | Killed Harold
  8718 | D:7      | Reached skill level 11 in Spellcasting
  9276 | D:7      | Noticed Menkaure
  9281 | D:7      | Killed Menkaure
  9563 | D:8      | Reached ** piety under Makhleb
 10120 | D:8      | Found an ornate altar of the Wu Jian Council.
 10835 | D:9      | Found Boph's Distillery.
 10838 | D:9      | Bought a potion of berserk rage for 75 gold pieces
 10838 | D:9      | Bought a potion of haste for 150 gold pieces
 10838 | D:9      | Bought a potion of invisibility for 120 gold pieces
 10910 | D:9      | Found a transporter.
 10911 | D:9      | Noticed askman's ghost (novice DsFi)
 10912 | D:9      | Found a transporter.
 10914 | D:9      | Noticed a two-headed ogre
 10914 | D:9      | Identified the +6 great mace of Biot Caugg {vamp, *Noise
                  | rN++}
 10914 | D:9      | Noticed a two-headed ogre
 10915 | D:9      | Noticed a two-headed ogre
 10916 | D:9      | Noticed a two-headed ogre
 10921 | D:9      | Noticed a two-headed ogre
 10923 | D:9      | Killed a two-headed ogre
 10941 | D:9      | Reached skill level 12 in Spellcasting
 10950 | D:9      | Reached *** piety under Makhleb
 11266 | D:9      | Found a hide-covered altar of Uskayaw.
 11591 | D:9      | Killed a two-headed ogre
 11592 | D:9      | Killed a two-headed ogre
 11592 | D:9      | Killed a two-headed ogre
 11593 | D:9      | Reached XP level 12. HP: 67/72 MP: 0/0
 11597 | D:9      | Killed a two-headed ogre
 11598 | D:9      | Killed askman's ghost
 11757 | D:10     | Entered Level 10 of the Dungeon
 11779 | D:10     | Noticed Josephine
 11782 | D:10     | Noticed Fannar
 11783 | D:10     | Killed Josephine
 11784 | D:10     | Reached skill level 13 in Spellcasting
 12013 | D:10     | Found a transporter.
 12013 | D:10     | Found a basalt altar of Yredelemnul.
 12021 | D:10     | Noticed a yaktaur captain
 12026 | D:10     | Found a transporter.
 12147 | D:10     | Noticed Psyche
 12151 | D:10     | Killed Psyche
 12209 | D:10     | Noticed a two-headed ogre
 12209 | D:10     | Noticed a two-headed ogre
 12209 | D:10     | Noticed a two-headed ogre
 12209 | D:10     | Noticed an ogre mage
 12209 | D:10     | Noticed a two-headed ogre
 12216 | D:10     | Killed a two-headed ogre
 12216 | D:10     | Noticed a sun demon
 12219 | D:10     | Killed a two-headed ogre
 12219 | D:10     | Killed a two-headed ogre
 12220 | D:10     | Killed a two-headed ogre
 12237 | D:10     | Killed an ogre mage
 12241 | D:10     | Reached skill level 14 in Spellcasting
 12413 | D:10     | Reached XP level 13. HP: 65/76 MP: 0/0
 12413 | D:10     | Learned a level 5 spell: Lightning Bolt
 12473 | D:10     | Found a staircase to the Lair.
 12532 | D:10     | Killed Fannar
 12971 | D:10     | Killed a yaktaur captain
 12971 | D:10     | Reached **** piety under Makhleb
 13457 | D:11     | Noticed a boulder beetle
 13461 | D:11     | Killed a boulder beetle
 13743 | D:11     | Found Giytzis's Armour Emporium.
 13746 | D:11     | Bought a +0 kite shield of positive energy for 153 gold
                  | pieces
 13833 | D:11     | Found a runed translucent door.
 13834 | D:11     | Noticed inmateoo's ghost (journeyman TrMo)
 13849 | D:11     | Killed inmateoo's ghost
 14408 | D:11     | Found a staircase to the Orcish Mines.
 14492 | Orc:1    | Entered Level 1 of the Orcish Mines
 14553 | Orc:1    | Reached skill level 15 in Spellcasting
 14889 | Orc:1    | Reached ***** piety under Makhleb
 14991 | Orc:1    | Found Apreuf's General Store.
 15506 | Orc:2    | Entered Level 2 of the Orcish Mines
 15856 | Orc:2    | Reached skill level 1 in Staves
 15876 | Orc:2    | Noticed an ettin
 15878 | Orc:2    | Killed an ettin
 16528 | Orc:2    | Reached XP level 14. HP: 78/83 MP: 0/0
 17122 | Orc:2    | Found a staircase to the Elven Halls.
 17402 | Orc:2    | Found Yrghizopt's Assorted Antiques.
 17402 | Orc:2    | Found Fauf's Jewellery Shop.
 17403 | Orc:2    | Found Genwowiu's Armour Shop.
 17407 | Orc:2    | Found Tigol's Weapon Boutique.
 17410 | Orc:2    | Bought a potion of heal wounds for 135 gold pieces
 17414 | Orc:2    | Bought a potion of invisibility for 216 gold pieces
 17601 | Elf:1    | Entered Level 1 of the Elven Halls
 17678 | Lair:1   | Entered Level 1 of the Lair of Beasts
 17738 | Lair:1   | Reached ****** piety under Makhleb
 17877 | Lair:1   | Found a gate leading to a gauntlet.
 17886 | Gauntlet | Entered a Gauntlet
 17886 | Gauntlet | Found a transporter.
 17886 | Gauntlet | Found a transporter.
 17886 | Gauntlet | Found a runed translucent door.
 17979 | Gauntlet | Found a transporter.
 17982 | Gauntlet | Found a transporter.
 17992 | Gauntlet | Found a transporter.
 17994 | Gauntlet | Found a transporter.
 18002 | Gauntlet | Found a transporter.
 18004 | Gauntlet | Noticed a quicksilver ooze
 18020 | Gauntlet | Found a runed translucent gate.
 18021 | Gauntlet | Found a transporter.
 18021 | Gauntlet | Found a runed translucent gate.
 18022 | Gauntlet | Found a runed translucent gate.
 18038 | Gauntlet | Found a transporter.
 18042 | Gauntlet | Found a transporter.
 18053 | Gauntlet | Found a transporter.
 18054 | Gauntlet | Found a transporter.
 18058 | Gauntlet | Found a runed translucent door.
 18306 | Gauntlet | Killed a quicksilver ooze
 18307 | Gauntlet | Reached skill level 16 in Spellcasting
 18346 | Gauntlet | Noticed a minotaur
 18355 | Gauntlet | Killed a minotaur
 20009 | Lair:3   | Found a staircase to the Snake Pit.
 20460 | Lair:3   | Reached skill level 17 in Spellcasting
 20862 | Lair:4   | Found a staircase to the Shoals.
 21068 | Lair:4   | Found a frozen archway.
 21070 | Lair:4   | Reached XP level 15. HP: 87/87 MP: 0/0
 21070 | Lair:4   | Learned a level 6 spell: Death Channel
 21081 | IceCv    | Entered an ice cave
 21771 | IceCv    | Reached skill level 1 in Armour
 21793 | IceCv    | Reached skill level 5 in Shields
 23058 | Lair:5   | Acquired a +1 helmet of intelligence
 23494 | Lair:6   | Entered Level 6 of the Lair of Beasts
 23534 | Lair:6   | Reached skill level 18 in Spellcasting
 23693 | Lair:6   | Reached XP level 16. HP: 89/94 MP: 0/0
 23818 | Lair:6   | Found a staircase to the Slime Pits.
 23819 | Lair:6   | Identified the +10 flail of the Lost Eyes {drain, *Rage rF+
                  | Will+ Str+2}
 24414 | Lair:6   | Reached skill level 19 in Spellcasting
 24800 | D:11     | Noticed Grum
 24801 | D:11     | Killed Grum
 25606 | D:12     | Noticed Erolcha
 25607 | D:12     | Killed Erolcha
 25676 | D:13     | Noticed Maurice
 25679 | D:13     | Killed Maurice
 25875 | D:13     | Found a transporter.
 25883 | D:13     | Found a transporter.
 25935 | D:13     | Noticed Maiqeb's ghost (journeyman TeSu)
 26113 | D:13     | Killed Maiqeb's ghost
 26501 | D:14     | Reached XP level 17. HP: 102/102 MP: 0/0
 26501 | D:14     | Learned a level 7 spell: Monstrous Menagerie
 26636 | D:14     | Identified the +2 falchion of Nabbibrage {drain, rElec MP+9
                  | Str-4}
 26819 | D:14     | Found a gate to the Vaults.
 26920 | D:15     | Entered Level 15 of the Dungeon
 27058 | D:15     | Found a staircase to the Depths.
 27237 | D:15     | Reached skill level 20 in Spellcasting
 27429 | Lair:1   | Identified the +1 long sword of Peace {holy, rC++ Dex+2}
 27678 | D:15     | Reached skill level 10 in Dodging
 27986 | D:15     | Found a glowing golden altar of the Shining One.
 27989 | D:15     | Found a white marble altar of Elyvilon.
 27990 | D:15     | Found a glowing silver altar of Zin.
 28709 | Elf:1    | Reached skill level 5 in Fighting
 29132 | Elf:2    | Noticed a Brimstone Fiend
 29135 | Elf:2    | Reached skill level 5 in Armour
 29263 | Elf:2    | Reached XP level 18. HP: 80/112 MP: 0/0
 29531 | Elf:3    | Entered Level 3 of the Elven Halls
 29531 | Elf:3    | Found Kitaptue's Antique Armour Shop.
 29672 | Elf:3    | Identified the +1 chain mail "Ohaec" {rC++ Will+ MP-9
                  | Int+3}
 30181 | Elf:3    | Identified the ring of Coronation {rElec rPois rC+ MP-9
                  | Dex-5}
 30181 | Elf:3    | Noticed a deep elf blademaster
 30200 | Elf:3    | Killed a deep elf blademaster
 30361 | Elf:3    | Noticed a deep elf master archer
 30362 | Elf:3    | Killed a deep elf master archer
 30363 | Elf:3    | Reached skill level 21 in Spellcasting
 30397 | Elf:3    | Identified the +8 morningstar of Exquisite Death {venom,
                  | rF- Will+ Dex+3 Stlth+}
 30456 | Elf:3    | Identified the +3 rapier "Lufazuuso" {antimagic, rPois
                  | Will+ Stlth+}
 30460 | Elf:3    | Identified the +2 scimitar of Understanding {drain, Str+2}
 30462 | Elf:3    | Noticed a deep elf master archer
 30464 | Elf:3    | Killed a deep elf master archer
 30465 | Elf:3    | Reached XP level 19. HP: 121/121 MP: 0/0
 30465 | Elf:3    | Learned a level 6 spell: Starburst
 30516 | Elf:3    | Identified the +2 leather armour "Nuxasmoc" {*Corrode Int+6
                  | Dex-4}
 31203 | Shoals:1 | Entered Level 1 of the Shoals
 31514 | Shoals:1 | Noticed Kirke
 31516 | Shoals:1 | Killed Kirke
 32510 | Shoals:2 | Acquired the amulet "Bajid" {Acrobat *Slow Will++ Str+10
                  | Slay-2}
 32748 | Shoals:3 | Noticed Donald
 32750 | Shoals:3 | Killed Donald
 32783 | Shoals:3 | Noticed Polyphemus
 32786 | Shoals:3 | Killed Polyphemus
 32843 | Shoals:3 | Found a runed translucent door.
 32844 | Shoals:3 | Noticed Ixzaw's ghost (adept MiBe)
 33415 | Shoals:3 | Killed Ixzaw's ghost
 33416 | Shoals:3 | Reached skill level 10 in Shields
 33456 | Shoals:4 | Entered Level 4 of the Shoals
 33634 | Shoals:4 | Reached XP level 20. HP: 119/130 MP: 0/0
 33844 | Shoals:4 | Identified the +1 ring mail of Tuafroiz {rC+ rCorr}
 33931 | Shoals:4 | Found the +3 salamander hide armour {Flames rF++ rC--}
 34431 | Shoals:4 | Got a barnacled rune of Zot
 34439 | Shoals:4 | Identified the +2 lajatang of Desperation {holy, rElec
                  | Will++ Int-2 Stlth+}
 34715 | Snake:1  | Entered Level 1 of the Snake Pit
 34933 | Snake:1  | Reached skill level 22 in Spellcasting
 35110 | Snake:1  | Noticed Mlioglotl
 35116 | Snake:1  | Killed Mlioglotl
 35462 | Snake:2  | Found Pucom's Jewellery Shoppe.
 35842 | Snake:2  | Found Epliclia's Armour Emporium.
 36024 | Snake:2  | Reached XP level 21. HP: 122/139 MP: 0/0
 36024 | Snake:2  | Learned a level 8 spell: Maxwell's Capacitive Coupling
 36091 | Snake:2  | Noticed Roxanne
 36112 | Snake:2  | Killed Roxanne
 36357 | Snake:2  | Lost mutation: You are partially covered in iridescent
                  | scales. (AC +2) [potion of mutation]
 36357 | Snake:2  | Lost mutation: You are partially covered in large bone
                  | plates. (SH +4) [potion of mutation]
 36357 | Snake:2  | Gained mutation: Your natural rate of healing is unusually
                  | fast. [potion of mutation]
 36357 | Snake:2  | Gained mutation: Your movements are slightly less
                  | encumbered by armour. (ER -2) [potion of mutation]
 36357 | Snake:2  | Gained mutation: You have supernaturally acute eyesight.
                  | (SInv) [potion of mutation]
 36357 | Snake:2  | Gained mutation: You possess an exceptional clarity of
                  | mind. [potion of mutation]
 36448 | Snake:3  | Noticed Vashnia
 36455 | Snake:3  | Killed Vashnia
 36497 | Snake:3  | Found Inapnaug's Jewellery Boutique.
 37000 | Snake:4  | Entered Level 4 of the Snake Pit
 37956 | Snake:4  | Noticed Asterion
 37958 | Snake:4  | Killed Asterion
 38041 | Snake:4  | Noticed Aizul
 38046 | Snake:4  | Killed Aizul
 38049 | Snake:4  | Reached skill level 10 in Fighting
 38069 | Snake:4  | Identified the +6 chain mail of Watchfulness {rF+}
 38090 | Snake:4  | Got a serpentine rune of Zot
 38443 | Vaults:1 | Entered Level 1 of the Vaults
 38480 | Vaults:1 | Reached skill level 10 in Armour
 38541 | Vaults:1 | Reached XP level 22. HP: 139/147 MP: 0/0
 38647 | Vaults:1 | Reached skill level 23 in Spellcasting
 38733 | Vaults:1 | Found a portal to a secret trove of treasure.
 38744 | Vaults:1 | Found Roviygh's Magic Scroll Boutique.
 38750 | Vaults:1 | Bought a scroll of fog for 40 gold pieces
 38769 | Vaults:1 | You paid a toll of 6 scrolls of fog to enter a treasure
                  | trove
 38770 | Trove    | Entered a treasure trove
 38774 | Trove    | Found the +4 skin of Zhor {*Englaciate rC+++ SInv}
 38783 | Trove    | Identified the +0 kite shield "Etagomox" {Regen+}
 38786 | Trove    | Identified the +4 helmet "Iluixu" {+Inv Str+3 Int+5 Dex-3}
 38789 | Trove    | Identified the +0 kite shield of Ponke {-Cast rF++ Str+8
                  | Dex-3}
 38790 | Trove    | Identified the +4 tower shield "Huluruolu" {rPois rCorr
                  | Str+2 Slay-6}
 38794 | Trove    | Identified the +1 ring mail "Fanih" {Contam Fly rCorr}
 38797 | Trove    | Identified the +0 ring mail of Koupner {Harm Drain rF++
                  | Str+5}
 38827 | Vaults:1 | Bought 3 scrolls of acquirement for 3120 gold pieces
 38827 | Vaults:1 | Bought a scroll of fog for 40 gold pieces
 38827 | Vaults:1 | Acquired a manual of Shields
 38829 | Vaults:1 | Acquired the +1 pair of gloves "Okoemov" {Harm Rampage rC+
                  | Int+4}
 38843 | Vaults:1 | Acquired the +1 buckler of Leapfrog {+Blink +Inv rC+}
 40384 | Vaults:2 | Reached skill level 5 in Evocations
 40516 | Vaults:2 | Found a staircase to the Crypt.
 40878 | Vaults:3 | Noticed Boris
 40885 | Vaults:3 | Killed Boris
 40950 | Vaults:3 | Reached XP level 23. HP: 156/156 MP: 0/0
 40950 | Vaults:3 | Learned a level 7 spell: Spellforged Servitor
 41056 | Vaults:3 | Found Qeotes's Magic Scroll Boutique.
 41088 | Vaults:3 | Bought a scroll of magic mapping for 70 gold pieces
 41088 | Vaults:3 | Bought a scroll of magic mapping for 70 gold pieces
 42536 | Vaults:4 | Reached skill level 24 in Spellcasting
 43207 | Vaults:5 | Entered Level 5 of the Vaults
 43207 | Vaults:5 | Noticed an ancient lich
 43210 | Vaults:5 | Killed an ancient lich
 43252 | Vaults:5 | Reached XP level 24. HP: 162/163 MP: 0/0
 43273 | Vaults:5 | Reached skill level 15 in Dodging
 43357 | Vaults:5 | Identified the +0 buckler "Veozac" {rElec rCorr SInv}
 43865 | Vaults:5 | Reached skill level 10 in Evocations
 43925 | Vaults:5 | Got a silver rune of Zot
 44128 | Vaults:5 | Identified the +4 scale mail "Qibby" {rCorr Dex+4}
 44282 | Vaults:5 | Identified the +6 trident of Law {vorpal, Fragile rElec rC+
                  | rN++}
 44344 | Vaults:5 | Identified the +6 arbalest of Viexia Ytas {elec, Fly Str+3
                  | Dex-5 Stlth+}
 44348 | Vaults:5 | Reached skill level 15 in Shields
 44820 | Crypt:1  | Entered Level 1 of the Crypt
 44843 | Crypt:1  | Noticed Saint Roka
 44847 | Crypt:1  | Killed Saint Roka
 44853 | Crypt:1  | Noticed Sojobo
 44856 | Crypt:1  | Killed Sojobo
 44857 | Crypt:1  | Reached XP level 25. HP: 136/171 MP: 0/0
 44857 | Crypt:1  | Learned a level 9 spell: Dragon's Call
 45172 | Crypt:1  | Found a runed translucent gate.
 45172 | Crypt:1  | Found a runed translucent gate.
 45172 | Crypt:1  | Found an opulent altar of Gozag.
 45172 | Crypt:1  | Found a runed translucent gate.
 45178 | Crypt:1  | Noticed Xasaq's ghost (veteran DrCj)
 45179 | Crypt:1  | Noticed a dread lich
 45261 | Crypt:1  | Killed Xasaq's ghost
 45266 | Crypt:1  | Killed a dread lich
 45589 | Crypt:2  | Reached skill level 25 in Spellcasting
 46104 | Crypt:3  | Entered Level 3 of the Crypt
 46173 | Crypt:3  | Noticed Mennas
 46181 | Crypt:3  | Killed Mennas
 46371 | Crypt:3  | Noticed Khufu
 46380 | Crypt:3  | Killed Khufu
 46445 | Crypt:3  | Found a staircase to the Tomb.
 46524 | Crypt:3  | Identified the +6 demon whip "Ypsebiy" {flame, rPois}
 46604 | Crypt:3  | Identified the ring "Peuch" {rPois rF+ rN+ Will+}
 46768 | Crypt:3  | Reached XP level 26. HP: 179/179 MP: 0/0
 47038 | Crypt:3  | Found the +9 staff of Olgreb {rPois∞}
 47056 | Crypt:3  | Identified the ring "Erinkyoq" {rPois rF+ Will- Str+6
                  | Dex+5}
 47107 | Tomb:1   | Entered Level 1 of the Tomb of the Ancients
 47479 | Tomb:1   | Noticed a royal mummy
 47485 | Tomb:1   | Killed a royal mummy
 47784 | Tomb:1   | Identified the +2 whip of Forgiveness {flame, Dex+4}
 48017 | Tomb:2   | Noticed a royal mummy
 48020 | Tomb:2   | Noticed a royal mummy
 48020 | Tomb:2   | Noticed a royal mummy
 48023 | Tomb:2   | Gained mutation: You are weak. (Str -2) [mutagenic glow]
 48025 | Tomb:2   | Noticed a royal mummy
 48028 | Tomb:2   | Mangled by a death scarab

Illustrated notes

Levels and vault maps discovered:
D:1:      heliophobic_arrival_henge, layout_basic
D:2:      layout_loops_ring, hangedman_decor_push
D:3:      layout_basic, shapermc_ecumenical_altar_totnotflames
D:4:      layout_cave_pods, minmay_misc_feat_roman
D:5:      layout_rooms, serial_shops, nicolae_take_the_stairs, uniq_eustachio,
          uniq_blork_the_orc
D:6:      minmay_klotski, layout_cave_pools, okawaru_altar_gauntlet_db,
          chequers_temple_overflow_statue_of_worship,
          minmay_temple_entry_junction, gammafunk_ghost_split,
          minmay_lizard_king, uniq_sigmund, uniq_pikel
D:7:      layout_loops_ring, chequers_serial_rivers_large_b, skrybe_limestone_x,
          uniq_menkaure, uniq_maggie, uniq_harold
D:8:      layout_loops_ring, mainiacjoe_overflow_brackets
D:9:      layout_stronghold, mainiacjoe_overflow_catwalk, gammafunk_ghost_smash,
          serial_shops, kennysheep_mini, corner_web_ring
D:10:     layout_roguey, gammafunk_temple_overflow_arena,
          due_lair_maze_entry_diamond, uniq_josephine, uniq_psyche, uniq_fannar
D:11:     layout_basic, kennysheep_orc_monster_closet_entryway,
          ebering_ghost_reflecting_pool, serial_shops,
          nicolae_shop_behind_doors, serial_bayou_lagoon_b, uniq_grum
D:12:     layout_loops_corners, uniq_erolcha
D:13:     layout_rooms, gammafunk_ghost_berserking_beasts, uniq_maurice
D:14:     layout_irregular_city, hangedman_vaults_entry_quadrant_bands,
          nicolae_two_hexagons
D:15:     gammafunk_enter_depths_forms, layout_basic, good_gods_temple_1
Temple:   eino_temple_lava
Lair:1:   layout_roguey, gauntlet_entry_generic
Lair:2:   lemuel_ratsnest, layout_loops_ring
Lair:3:   layout_cave_pods, minmay_snake_entry_six_corridors,
          infiniplex_staircase_pool
Lair:4:   layout_cave_shapes, minmay_shoals_entry_lonely_mermaid,
          portal_ice_cave_entry_ice_simulacra
Lair:5:   dreamdust_isle_of_ice, layout_hall_layers
Lair:6:   due_jungle_book, layout_cellular_growth,
          nicolae_slime_entry_slimehenge, st_stairs_13, lemuel_fruit_fields,
          serial_bayou_shore_b, grunt_megastairs_4
Shoals:1: layout_shoals, hangedman_shoals_cup_caves, uniq_kirke
Shoals:2: layout_shoals
Shoals:3: layout_shoals, ebering_ghost_inner_flame, uniq_polyphemus, uniq_donald
Shoals:4: shoals_end_simple, layout_shoals
Snake:1:  layout_misc_corridors, serial_bayou_shore_b, grunt_megastairs_2,
          uniq_mlioglotl
Snake:2:  layout_rooms, serial_shops, shop_coins, shop, serial_bayou_shore_a,
          uniq_roxanne
Snake:3:  layout_misc_corridors, minmay_shop_star, uniq_vashnia
Snake:4:  grunt_snake_rune_spirals, layout_onion, uniq_asterion, uniq_aizul
Orc:1:    layout_caves, serial_shops, nicolae_shop_advertising_works
          [nicolae_subvault_shop_adworks], basic_altar, mines3_lemuel
Orc:2:    st_orc_mages, layout_caves
Elf:1:    elf_arrival_002, layout_gridlike, minmay_elf_crystal_hexagon,
          nicolae_concentric_dashed_squares_wild, serial_sigils_hangedman_clutch
Elf:2:    nicolae_elf_blades_splatter_lattice [nicolae_blade_tridents],
          layout_rooms
Elf:3:    minmay_elf_hall_statues, layout_loops_ring, serial_shops,
          nicolae_shop_waterfront, david_defended_altar_elf
Vaults:1: v_misc_16, nicolae_vaults_little_squares_6,
          nicolae_vaults_little_squares_3, vaults_room_door_ring,
          vaults_mumra_lcd, v_misc_13, vaults_mumra_chevron,
          nicolae_vaults_network_s, ontoclasm_vaults_idyll, vaults_room_fours,
          vaults_mumra_hexcomb, vaults_dpeg_hooks, v_misc_23,
          layout_vaults_ring, enter_trove_0, serial_shops, shop_scrolls
Vaults:2: nicolae_vaults_an_arrangement, nicolae_vaults_network_quincunx
          [nicolae_vaults_network_quincunx_subvault,
          nicolae_vaults_network_quincunx_subvault,
          nicolae_vaults_network_quincunx_subvault,
          nicolae_vaults_network_quincunx_subvault,
          nicolae_vaults_network_quincunx_subvault], vaults_standard_mumra_x,
          nicolae_vaults_rhombus_6, nicolae_vaults_network_barrier,
          grunt_vaults_hallway_short, nicolae_vaults_theta,
          nicolae_vaults_rhombus_7, v_rooms_5, nicolae_vaults_big_ls,
          v_pattern_1, minmay_crypt_entry_simple_round, v_misc_16,
          layout_vaults_maze
Vaults:3: hangedman_vaults_restitches, st_squares, v_misc_24,
          ontoclasm_vaults_misaligned, nicolae_vaults_three_branches,
          hangedman_vaults_stagger, nicolae_vaults_rhombus_7,
          vaults_dpeg_encased_lava, layout_vaults_chaotic_city, serial_shops,
          shop, uniq_boris
Vaults:4: nicolae_vaults_statue_guard, v_pattern_2, grunt_vaults_focal,
          hangedman_vaults_unwind, vaults_room_ringed_pool,
          vaults_standard_mumra_enter_the_diamond, v_misc_19,
          nicolae_vaults_disjoint_gnomons, vaults_room_grunt_arrival_ludios,
          hangedman_vaults_locks, layout_vaults_omnicross
Vaults:5: serial_shops
Crypt:1:  layout_rooms, ebering_ghost_gozag, uniq_sojobo, uniq_saint_roka
Crypt:2:  layout_gridlike, grunt_megastairs_3
Crypt:3:  grunt_crypt_end_deaths_head, uniq_mennas
Tomb:1
Tomb:2

Skill      XL: |  1  2  3  4  5  6  7  8  9 10 11 12 13 14 15 16 17 18 19 20 21 22 23 24 25 |
---------------+----------------------------------------------------------------------------+-----
Spellcasting   | 4 5 6 7 9 10 12 14 15 17 18 19 20 21 22 23 24 25 | 25.6
Stealth        | 2 3 4 5 |  5.0
Dodging        | 3 4 5 7 8 9 10 11 12 13 14 15 16 | 16.3
Fighting       | 1 3 5 6 8 9 10 11 12 13 | 13.4
Throwing       | 1 2 3 4 |  4.0
Evocations     | 1 2 6 8 10 12 | 12.6
Shields        | 1 2 3 4 5 6 7 8 10 11 13 14 15 16 | 16.5
Staves         | 1 2 |  2.3
Armour         | 2 3 5 6 7 9 10 11 12 13 | 13.2
Polearms       | |  0.7

Action                   |  1- 3 |  4- 6 |  7- 9 | 10-12 | 13-15 | 16-18 | 19-21 | 22-24 | 25-27 || total
-------------------------+-------+-------+-------+-------+-------+-------+-------+-------+-------++-------
Melee: Spear             |       |    13 |     1 |       |       |       |       |       |       ||    14
       Whip              |       |       |       |     2 |       |       |       |       |       ||     2
       Staff             |       |       |       |       |    34 |       |       |     1 |       ||    35
Throw: Dart              |       |     3 |     3 |     6 |     7 |     4 |       |       |       ||    23
       Javelin           |       |       |       |       |     2 |       |       |       |       ||     2
 Cast: Magic Dart        |    66 |    69 |    33 |    29 |       |       |     1 |       |       ||   198
       Searing Ray       |       |     9 |    27 |    27 |     1 |       |     2 |       |       ||    66
       Iskenderun's Myst |       |     5 |    13 |    43 |    82 |    47 |     5 |       |     1 ||   196
       Poisonous Vapours |       |       |     6 |     6 |     1 |       |       |       |       ||    13
       Fulminant Prism   |       |       |     3 |    53 |    72 |    84 |    31 |     7 |       ||   250
       Dazzling Flash    |       |       |       |     2 |       |     1 |       |       |       ||     3
       Dispel Undead     |       |       |       |     1 |       |       |       |       |    10 ||    11
       Lightning Bolt    |       |       |       |       |   374 |   305 |   506 |   576 |   258 ||  2019
       Animate Skeleton  |       |       |       |       |     1 |       |       |       |       ||     1
       Monstrous Menager |       |       |       |       |       |     2 |       |       |       ||     2
       Starburst         |       |       |       |       |       |       |    94 |    20 |     4 ||   118
       Death Channel     |       |       |       |       |       |       |     1 |       |       ||     1
       Spellforged Servi |       |       |       |       |       |       |       |    11 |     9 ||    20
       Maxwell's Capacit |       |       |       |       |       |       |       |     2 |       ||     2
       Dragon's Call     |       |       |       |       |       |       |       |       |    12 ||    12
Evoke: Wand              |       |       |     3 |       |     2 |       |       |       |       ||     5
       Phial of floods   |       |       |       |       |       |     1 |       |       |       ||     1
  Use: Scroll            |     4 |     6 |     3 |    10 |    15 |     2 |     6 |     4 |     6 ||    56
       Potion            |       |     1 |     2 |       |     2 |     3 |     1 |       |     3 ||    12
 Stab: Sleeping          |       |     2 |       |       |       |       |       |       |       ||     2
Armor: Robe              |     1 |     8 |    16 |    21 |    47 |     5 |    48 |    20 |    12 ||   178
       Chain mail        |       |       |       |       |     6 |       |       |       |       ||     6
Dodge: Dodged            |     8 |    18 |    14 |    40 |    63 |    24 |   125 |    40 |    19 ||   351
Block: Other             |       |       |     6 |    10 |     1 |       |       |       |       ||    17
       Kite shield       |       |       |       |       |   111 |    44 |   170 |    56 |    44 ||   425
       Reflection        |       |       |       |       |       |       |    27 |    26 |       ||    53

Table legend: (Time is in decaauts)
 A = Elapsed time spent in this place.
 B = Non-inter-level travel time spent in this place.
 C = Inter-level travel time spent in this place.
 D = Time resting spent in this place.
 E = Time spent auto-exploring this place.
 F = Levels seen in this place.
 G = Mean time per level.
                   A        B        C        D        E       F      G
               +--------+--------+--------+--------+--------+-----+--------+
         Total |  48088 |  43366 |   4722 |   1796 |  33842 |  48 | 1001.8 |
       Dungeon |  17523 |  15607 |   1916 |    657 |  12948 |  15 | 1168.2 |
        Temple |    550 |    541 |      9 |      0 |    523 |   1 |  550.0 |
          Lair |   5708 |   4914 |    794 |     37 |   4044 |   6 |  951.3 |
        Shoals |   3488 |   3215 |    273 |     89 |   2592 |   4 |  872.0 |
     Snake Pit |   3552 |   3190 |    362 |     68 |   2386 |   4 |  888.0 |
  Orcish Mines |   3199 |   3031 |    168 |    721 |   1897 |   2 | 1599.5 |
   Elven Halls |   2760 |   2382 |    378 |    106 |   1719 |   3 |  920.0 |
        Vaults |   6340 |   5793 |    547 |      6 |   4485 |   5 | 1268.0 |
         Crypt |   2298 |   2183 |    115 |      0 |   1658 |   3 |  766.0 |
          Tomb |    935 |    779 |    156 |      0 |    567 |   2 |  467.5 |
         Trove |     34 |     34 |      0 |      0 |      4 |   1 |   34.0 |
      Ice Cave |   1179 |   1179 |      0 |      0 |    764 |   1 | 1179.0 |
      Gauntlet |    516 |    516 |      0 |    112 |    254 |   1 |  516.0 |
               +--------+--------+--------+--------+--------+-----+--------+

Top non-repeatable levels by time:
     D:6: 1825 daAuts
   Orc:1: 1796 daAuts
     D:9: 1751 daAuts
     D:4: 1695 daAuts
    D:11: 1628 daAuts
Vaults:5: 1507 daAuts
     D:7: 1420 daAuts
   Orc:2: 1402 daAuts
Vaults:2: 1259 daAuts
   Elf:3: 1258 daAuts
    D:10: 1252 daAuts
Vaults:3: 1248 daAuts
     D:1: 1245 daAuts
Vaults:4: 1225 daAuts
   IceCv: 1179 daAuts
